 Dungeon Crawl Stone Soup version 0.29.1-1-gd02db6906a (webtiles) character file.

Game seed: 5176493880561290389

56 quakins the Chopper (level 3, -7/46 HPs)
             Began as a Minotaur Berserker on Oct 6, 2022.
             Was a Believer of Trog.
             Mangled by a gnoll
             ... wielding a +0 spear
              (8 damage)
             ... on level 2 of the Dungeon.
             The game lasted 00:02:15 (1358 turns).

quakins the Chopper (Minotaur Berserker)            Turns: 1358, Time: 00:02:16

Health: -7/46      AC:  2    Str: 23    XL:     3   Next: 69%
Magic:  2/2        EV: 12    Int:  4    God:    Trog [**....]
Gold:   58         SH:  0    Dex:  9    Spells: 2/2 levels left

rFire   . . .      SeeInvis .   a - +0 hand axe
rCold   . . .      Faith    .   (no shield)
rNeg    . . .      Spirit   .   b - +0 animal skin
rPois   .          Reflect  .   (helmet restricted)
rElec   .          Harm     .   (no cloak)
rCorr   .          Rampage  .   (no gloves)
Will    .....                   (no boots)
Stlth   ..........              (no amulet)
HPRegen 0.15/turn               (no ring)
MPRegen 0.08/turn               (no ring)

@: berserking, very quick
A: horns 2, retaliatory headbutt
a: Renounce Religion, Berserk, Trog's Hand


You were on level 2 of the Dungeon.
You worshipped Trog.
Trog was pleased with you.
You visited 1 branch of the dungeon, and saw 2 of its levels.

You collected 58 gold pieces.

Inventory:

Hand Weapons
 a - a +0 hand axe (weapon)
Armour
 b - a +0 animal skin (worn)
Scrolls
 e - a scroll of blinking {unknown}
Potions
 c - a potion of berserk rage
 d - a potion of lignification {unknown}
 g - 2 potions of resistance {unknown}
 h - a potion of invisibility {unknown}
 i - a potion of flight {unknown}


   Skills:
 - Level 3.6 Fighting
 * Level 5.7 Axes
 - Level 2.4 Armour
 - Level 2.1 Dodging


You had 2 spell levels left.
You didn't know any spells.
Your spell library was empty.

Dungeon Overview and Level Annotations

Branches:
Dungeon (2/15)

Altars:


Innate Abilities, Weirdness & Mutations

You have a pair of horns on your head.
You reflexively headbutt those who attack you in melee.


Message History

You hit the quokka but do no damage. The quokka closely misses you.
You furiously retaliate!
You headbutt the quokka!
You kill the quokka!
Trog accepts your kill.
A gnoll comes into view. It is wielding a +0 spear.
A gnoll is nearby!
Things that are here:
a grey potion; a scroll labelled QEUKAR VUOSH; a hobgoblin corpse A gnoll comes into view.
It is wielding a +0 club.
The gnoll shouts!
A gnoll comes into view. It is wielding a +0 spear.
The gnoll hits you from afar with a +0 spear.
A goblin comes into view. It is wielding a +0 club.
The gnoll shouts!
The goblin shouts!
The goblin unwields a +0 club.
The goblin wields a +0 sling.
The goblin shoots a sling bullet.
The sling bullet barely misses you. The gnoll closely misses you.
A red film seems to cover your vision as you go berserk!
You feel yourself moving faster!
You feel mighty! The gnoll hits you with a +0 spear.
You hit the gnoll. Your headbutt misses the gnoll.
The gnoll is moderately wounded.
You hit the gnoll. The gnoll closely misses you.
The gnoll hits you with a +0 spear.
You slash the gnoll!
The gnoll is severely wounded.
You slash the gnoll!
The gnoll hits you from afar with a +0 spear.
The gnoll hits you with a +0 club.
* * * LOW HITPOINT WARNING * * *
The gnoll hits you with a +0 spear!
* * * LOW HITPOINT WARNING * * *
You slash the gnoll!
You kill the gnoll!
Trog accepts your kill.
You hit the gnoll.
You kill the gnoll!
Trog accepts your kill. The gnoll hits you with a +0 spear!
You die...

♣.....♣...♣.....#
.#.#.......#.#.# #
.....#.#.......######
..♣...♣.....♣...♣.##....
....#....♣...!#...##.###
..♣...♣.....♣...♣.#
#......)#.#†......#
#g@...!.#.#..##.
♣.....♣...♣......... ##
....♣.g..#....♣.####....
.♣.....♣...♣....# #....
.#.#.......#†## #.###
#......##..#...# #.# #
##### #..##..# #.#
#..###.# #.#
##..###.#####.###


You could see a gnoll and a goblin.

Vanquished Creatures
  2 gnolls (D:2)
  4 ball pythons
  3 endoplasms
  A giant cockroach (D:2)
  3 goblins (D:1)
  5 hobgoblins
  3 kobolds (D:1)
  3 quokkas
  2 bats
  7 rats
33 creatures vanquished.

Notes
Turn   | Place    | Note
-------+----------+-------------------------------------------
     0 | D:1      | quakins the Minotaur Berserker began the quest for the Orb.
     0 | D:1      | Reached XP level 1. HP: 19/19 MP: 0/0
    17 | D:1      | Reached skill level 4 in Axes
   233 | D:1      | Reached XP level 2. HP: 19/26 MP: 1/1
   499 | D:1      | Found Veatad's Armour Boutique.
   868 | D:1      | Reached skill level 5 in Axes
  1241 | D:2      | Reached XP level 3. HP: 27/31 MP: 2/2
  1341 | D:2      | Reached ** piety under Trog
  1356 | D:2      | HP: 1/46 [gnoll/+0 spear (10)]
  1358 | D:2      | Mangled by a gnoll

Illustrated notes

Levels and vault maps discovered:
D:1:      reono_arrival_forest_river, layout_basic, serial_shops, shop,
          grunt_decor_mini_mirrors, minmay_statues_item, minmay_misc_feat_alley,
          kennysheep_flooded_box
D:2:      layout_loops_ring, basic_altar, nicolae_kite_square_tiling_tiny

Skill      XL: |  1  2 |
---------------+-------+-----
Axes           | 4 5 |  5.7
Fighting       | |  3.6
Armour         | |  2.4
Dodging        | |  2.1

Action                   || total
-------------------------++-------
Melee: Hand axe          ||    47
       Headbutt          ||     6
       Punch             ||     1
Invok: Berserk           ||     1
  Use: Scroll            ||     3
 Stab: Sleeping          ||     1
Armor: Animal skin       ||     8
Dodge: Dodged            ||    42
